Map: Defender's Landing LE

Players

Kelazhur

  • Race: Terran Terran
  • Spawn Location: 7:00

MaSa - Winner!

  • Race: Terran Terran
  • Spawn Location: 1:00

Event: WCS Valencia 2017

VOD

Have the link to the VOD?

Description

Time

  • Played on: July 14, 2017, 10:02 a.m.
  • Length: 9:33

All games in this series

Show
View Real Time Build Order
Export as new Build Order

Kelazhur Terran 

Build Orders: 1/1/1, Cyclone Opening 

Get SALT Encoding   

  12  0:00  SCV  
  13  0:13  SCV  
  14  0:17  Supply Depot  
  14  0:25  SCV  
  14  0:28  Refinery  
  15  0:39  SCV  
  16  0:45  Barracks  
  16  0:51  SCV  
  16  0:55  Refinery  
  17  1:03  SCV  
  18  1:15  SCV  
  19  1:32  Factory  
  19  1:33  Orbital Command  
  19  1:36  Reaper  
  20  1:46  Supply Depot  
  20  1:58  SCV  
  21  2:08  Reaper  
  22  2:10  SCV  
  23  2:16  Hellion  
  23  2:17  Starport  
  23  2:22  SCV  
  26  2:27  Supply Depot  
  26  2:34  SCV  
  27  2:40  Cyclone  
  27  2:41  Barracks Tech Lab  
  29  2:46  SCV  
  30  3:01  Supply Depot  
  30  3:02  SCV  
  30  3:04  Banshee  
  34  3:07  Cloaking Field  
  34  3:17  SCV  
  34  3:19  Barracks Reactor  
  34  3:39  Command Center  
  34  3:42  SCV  
  34  3:48  Raven  
  37  3:54  SCV  
  38  3:55  Marine  
  38  3:56  Marine  
  38  3:58  Factory Tech Lab  
  40  4:06  SCV, Supply Depot  
  41  4:13  Marine x2  
  43  4:30  SCV  
  44  4:31  Marine x2  
  44  4:46  SCV  
  44  4:47  Siege Tank  
  44  4:49  Marine x2, Viking  
  44  4:51  Orbital Command  
  49  4:58  SCV  
  50  5:05  Barracks  
  50  5:06  Barracks  
  50  5:10  SCV  
  53  5:19  SCV  
  53  5:21  Siege Tank  
  55  5:23  Refinery  
  55  5:26  Viking x2  
  60  5:28  SCV  
  60  5:31  SCV  
  60  5:34  Marine, Supply Depot  
  62  5:37  Stimpack  
  62  5:40  SCV  
  62  5:41  Refinery  
  63  5:47  SCV  
  64  5:52  SCV  
  65  5:57  Barracks Reactor  
  65  5:58  Marine  
  65  5:59  SCV  
  65  6:03  Supply Depot  
  67  6:04  SCV  
  67  6:05  Supply Depot  
  67  6:11  SCV  
  69  6:13  Siege Tank  
  69  6:15  Marine x2, Starport Reactor  
  69  6:16  SCV  
  75  6:20  Marine  
  75  6:23  SCV  
  77  6:28  Supply Depot  
  77  6:29  SCV  
  78  6:32  Marine  
  78  6:33  Marine  
  78  6:35  SCV  
  78  6:38  Marine  
  82  6:41  SCV  
  83  6:47  SCV  
  84  6:56  Siege Tank  
  84  6:57  Marine x2, SCV  
  84  6:59  Marine x2  
  76  7:01  SCV  
  76  7:07  Marine  
  76  7:08  Medivac x2  
  78  7:09  SCV  
  78  7:13  SCV  
  78  7:15  Marine, Barracks  
  81  7:16  Barracks  
  81  7:21  Marine x3, Engineering Bay, SCV  
  85  7:23  Engineering Bay  
  85  7:24  Marine  
  89  7:30  Siege Tank  
  89  7:35  Marine  
  90  7:39  Marine x3  
  90  7:42  Medivac x2  
  97  7:54  Marine x2, Supply Depot x2  
  97  7:56  Marine  
  100  8:05  Barracks Reactor x2  
  100  8:08  Siege Tank, Command Center  
  102  8:16  Marine x3, Medivac  
  102  8:18  Medivac  
  109  8:24  Supply Depot  
  109  8:32  Marine x2  
  109  8:33  Marine x3  
  114  8:38  SCV x2  
  114  8:39  Armory  
  116  8:45  Siege Tank  
  116  8:46  Marine  
  116  8:48  Marine  
  117  8:50  Marine  
  103  8:58  Marine x4  
  92  9:03  Marine  
  92  9:04  Marine  
  92  9:08  Marine  
Show
View Real Time Build Order
Export as new Build Order

MaSa Terran - Winner!

Build Orders: Cyclone Opening, Reaper Expand, MMM Bio 

Get SALT Encoding   

  12  0:00  SCV  
  13  0:12  SCV  
  14  0:17  Supply Depot  
  14  0:24  SCV  
  14  0:27  Refinery  
  15  0:38  SCV  
  16  0:44  Barracks  
  16  0:51  SCV  
  17  1:03  SCV  
  18  1:15  SCV  
  19  1:31  Orbital Command, Reaper  
  20  1:46  Command Center  
  20  1:57  Factory  
  20  2:02  SCV  
  20  2:07  Refinery  
  21  2:10  Barracks Reactor  
  21  2:14  SCV  
  22  2:19  Supply Depot  
  22  2:26  SCV  
  22  2:38  SCV  
  23  2:46  Starport  
  23  2:50  Marine x2, SCV  
  26  2:55  Cyclone  
  29  3:03  SCV  
  30  3:08  Orbital Command  
  30  3:10  Marine  
  31  3:17  SCV  
  31  3:23  Viking  
  32  3:27  Orbital Command  
  32  3:29  SCV  
  32  3:30  Marine x2  
  32  3:33  Factory Tech Lab  
  34  3:41  Engineering Bay  
  34  3:43  SCV  
  35  3:55  SCV  
  35  3:57  SCV  
  35  3:59  Factory Tech Lab  
  35  4:01  Marine x2, Raven  
  41  4:08  SCV, Missile Turret  
  43  4:10  SCV  
  43  4:12  Supply Depot  
  43  4:20  SCV  
  43  4:22  SCV  
  45  4:32  SCV  
  45  4:34  SCV  
  45  4:35  Supply Depot  
  45  4:44  SCV  
  44  4:46  SCV  
  44  4:49  Missile Turret  
  45  4:56  SCV  
  45  4:58  SCV  
  45  4:59  Siege Tank  
  50  5:00  Viking  
  50  5:02  Viking  
  50  5:05  Refinery  
  54  5:07  Marine  
  54  5:08  SCV  
  54  5:11  Stimpack  
  54  5:12  SCV  
  57  5:20  SCV, Barracks  
  58  5:24  Barracks  
  58  5:26  Marine  
  58  5:27  SCV  
  60  5:38  SCV  
  60  5:39  Supply Depot  
  61  5:44  Marine  
  61  5:48  Supply Depot, Viking x2  
  61  5:49  Refinery  
  66  5:50  SCV  
  66  5:54  Siege Tank  
  70  6:00  SCV  
  70  6:03  Terran Infantry Weapons Level 1  
  71  6:04  SCV, Marine  
  71  6:10  Supply Depot  
  71  6:11  Barracks Reactor  
  73  6:13  SCV  
  73  6:15  Barracks Reactor  
  74  6:20  SCV  
  75  6:27  Siege Tank  
  75  6:30  Barracks  
  75  6:31  Barracks  
  75  6:32  Marine  
  79  6:36  Medivac  
  81  6:42  SCV  
  81  6:46  SCV  
  67  6:48  Marine x2  
  67  6:56  SCV  
  67  6:59  Siege Tank  
  67  7:00  SCV  
  58  7:07  Marine  
  58  7:08  Marine  
  57  7:09  SCV  
  57  7:14  Marine x3  
  61  7:15  SCV  
  61  7:18  Barracks Reactor  
  61  7:20  Barracks Reactor  
  62  7:25  Combat Shields  
  62  7:26  Marine x2  
  64  7:31  Siege Tank  
  64  7:32  Marine x2  
  64  7:34  Medivac  
  71  7:39  Marine  
  71  7:42  SCV x2  
  71  7:43  Supply Depot  
  74  7:44  Marine x2  
  74  7:45  Medivac  
  74  7:50  Marine x2  
  80  7:54  SCV  
  80  7:57  Marine x3  
  83  8:02  Marine  
  83  8:03  Siege Tank, Marine  
  83  8:04  Marine, Medivac  
  91  8:06  Marine  
  91  8:07  Marine  
  91  8:08  Marine  
  94  8:16  Marine x2  
  94  8:18  Marine  
  94  8:19  Marine  
  97  8:21  Marine x2  
  97  8:24  Marine  
  97  8:25  Marine x2  
  102  8:33  Marine  
  102  8:35  Marine  
  102  8:38  Marine  
  102  8:39  Supply Depot  
  102  8:40  Supply Depot  
  102  8:54  Marine  
  102  8:57  Supply Depot  
  102  8:58  Supply Depot  
  102  9:00  Marine x8  
  104  9:12  Marine  
  104  9:15  SCV  
Tags
 
Add a new tag
Caveats
  • Supply blocks, unpowered buildings, or Contaminate may cause inaccurate times.
  • Supply counts are checked every 10 seconds.